 Dungeon Crawl Stone Soup version 0.27-a0-797-g27d10ad80f (webtiles) character file.

Game seed: 17083817255635903005

313 sahdkjhfkaj the Chopper (level 6, 0/51 HPs)
             Began as a Palentonga Abyssal Knight on Mar 27, 2021.
             Was a Priest of Lugonu.
             Slain by an ufetubus (1 damage)
             ... on level 4 of the Dungeon.
             The game lasted 00:01:36 (3961 turns).

sahdkjhfkaj the Chopper (Palentonga Abyssal Knight) Turns: 3961, Time: 00:01:37

Health: 0/51       AC: 10    Str: 17    XL:     6   Next: 19%
Magic:  7/7        EV:  3    Int: 12    God:    Lugonu [***...]
Gold:   101        SH:  0    Dex: 10    Spells: 5/5 levels left

rFire    . . .     SeeInvis +   a - +2 battleaxe (freeze)
rCold    . . .     Faith    .   (shield currently unavailable)
rNeg     . . .     Spirit   .   b - +0 plate armour
rPois    .         Reflect  .   l - +0 hat
rElec    .         Harm     .   g - +1 cloak {Stlth+}
rCorr    .         Rampage  .   (no gloves)
Will     .....                  (no barding)
Stlth    ..........             (no amulet)
HPRegen  0.17/turn              (no ring)
MPRegen  0.10/turn              (no ring)

@: no status effects
A: large, rugged brown scales 3, see invisible, deformed body, roll 1, armoured
tail
a: Rolling Charge, Renounce Religion, Depart the Abyss, Bend Space, Banish


You were on level 4 of the Dungeon.
You worshipped Lugonu.
Lugonu was most pleased with you.
You visited 1 branch of the dungeon, and saw 4 of its levels.
You visited the Abyss 1 time.

You collected 101 gold pieces.

Inventory:

Hand Weapons
 a - a +2 battleaxe of freezing (weapon)
   (You found it on level 1 of the Dungeon)
Armour
 b - a +0 plate armour (worn)
   (You found it on level 1 of the Dungeon)
 g - a +1 cloak of stealth (worn)
   (You took it off Crazy Yiuf on level 2 of the Dungeon)
 l - a +0 hat (worn)
   (You found it on level 3 of the Dungeon)
Scrolls
 e - 2 scrolls of teleportation {unknown}
 f - 2 scrolls of immolation {unknown}
 i - 3 scrolls of identify {unknown}
 j - a scroll of enchant weapon {unknown}
 k - a scroll of blinking {unknown}
 m - a scroll of fear {unknown}
Potions
 c - 2 potions of brilliance {unknown}
 d - a potion of heal wounds {unknown}
 h - 2 potions of resistance {unknown}
 q - 5 potions of curing


   Skills:
 - Level 3.7 Fighting
 - Level 2.0 Short Blades
 + Level 5.7 Axes
 - Level 1.5 Armour
 - Level 0.7 Dodging
 - Level 2.0 Invocations


You had 5 spell levels left.
You didn't know any spells.
Your spell library was empty.

Dungeon Overview and Level Annotations

Branches:
Dungeon (4/15)
 Temple: D:4-7

Altars:
Ru
Trog


Innate Abilities, Weirdness & Mutations

You are completely covered in rugged brown scales. (AC +3, +7% HP)
You have supernaturally acute eyesight. (SInv)
Armour fits poorly on your strangely shaped body.
You can roll at nearby foes to attack.
You have a long armoured tail.


Message History

Your tail-slap misses the gnoll.
The gnoll is lightly wounded.
You barely miss the ufetubus. The ufetubus barely misses you.
The ufetubus hits you.
* * * LOW HITPOINT WARNING * * *
The gnoll hits you but does no damage.
The ufetubus hits you but does no damage.
The ufetubus barely misses you. The gnoll hits you but does no damage.
Unknown command.
You slash the gnoll! You freeze the gnoll.
You kill the gnoll!
Lugonu accepts your kill.
Your plate armour prevents you from hitting the ufetubus.
The ufetubus hits you but does no damage. x3
The ufetubus barely misses you.
Unknown command.
You barely miss the ufetubus.
The ufetubus hits you but does no damage. x3
The ufetubus barely misses you.
You closely miss the ufetubus.
The ufetubus hits you but does no damage. x3
The ufetubus barely misses you.
You closely miss the ufetubus. The ufetubus hits you.
* * * LOW HITPOINT WARNING * * *
The ufetubus barely misses you. x2; The ufetubus hits you.
* * * LOW HITPOINT WARNING * * *
You closely miss the ufetubus.
The ufetubus hits you but does no damage.
The ufetubus hits you.
* * * LOW HITPOINT WARNING * * *
The ufetubus barely misses you.
The ufetubus hits you but does no damage. x3
You barely miss the ufetubus.
The ufetubus hits you but does no damage. x4
You miss the ufetubus.
The ufetubus hits you but does no damage.
The ufetubus completely misses you. x2; The ufetubus hits you.
* * * LOW HITPOINT WARNING * * *
You closely miss the ufetubus. The ufetubus hits you.
You die...

#....######...#
#..### ###.##
#..# #..# #.##
##.## #.# #..#
#.# ##.## ..#
###.# .##
#...## .#
#.)@.# .#
#..5)).# .##
#.........# ..#
#..........#
..#
#............#
.##
#......<...#..
.#
#..#......... #
.#
..###.......##
##


You could see an ufetubus.

Vanquished Creatures
  Crazy Yiuf (D:2)
  Jessica (D:2)
  Natasha (thrice) (D:2)
  Terence (D:3)
  Robin (D:3)
  3 adders (D:2)
  3 gnolls (D:4)
  3 dart slugs
  A worm (D:3)
  2 orcs
  7 ball pythons
  5 bats
  4 endoplasms
  5 giant cockroaches
  18 goblins
  7 hobgoblins
  3 quokkas
  5 frilled lizards
  4 kobolds
  10 rats
87 creatures vanquished.

Notes
Turn   | Place    | Note
-------+----------+-------------------------------------------
     0 | Abyss:1  | sahdkjhfkaj the Palentonga Abyssal Knight began the quest
                  | for the Orb.
     0 | Abyss:1  | Reached XP level 1. HP: 19/19 MP: 2/2
     0 | D:1      | Escaped the Abyss
   102 | D:1      | Reached * piety under Lugonu
   124 | D:1      | Reached XP level 2. HP: 21/25 MP: 3/3
   402 | D:1      | Reached skill level 1 in Axes
   635 | D:1      | Reached XP level 3. HP: 30/32 MP: 4/4
  1140 | D:2      | Reached skill level 2 in Axes
  1698 | D:2      | Reached ** piety under Lugonu
  1813 | D:2      | Noticed Natasha
  1814 | D:2      | Killed Natasha
  1815 | D:2      | Reached skill level 3 in Axes
  1815 | D:2      | Reached XP level 4. HP: 39/39 MP: 5/5
  1834 | D:2      | Found a runed translucent door.
  1835 | D:2      | Noticed Crazy Yiuf
  2038 | D:2      | Found a bloodstained altar of Trog.
  2078 | D:2      | Noticed Natasha
  2079 | D:2      | Noticed Jessica
  2087 | D:2      | Killed Jessica
  2088 | D:2      | Reached skill level 4 in Axes
  2088 | D:2      | Killed Natasha
  2089 | D:2      | Reached XP level 5. HP: 15/44 MP: 6/6
  2420 | D:2      | Noticed Natasha
  2429 | D:2      | Killed Natasha
  2677 | D:2      | Killed Crazy Yiuf
  2931 | D:3      | Reached skill level 5 in Axes
  3194 | D:3      | Noticed Robin
  3217 | D:3      | Killed Robin
  3397 | D:3      | Found a faded altar of an unknown god.
  3422 | D:3      | Noticed Terence
  3432 | D:3      | Killed Terence
  3432 | D:3      | Reached *** piety under Lugonu
  3433 | D:3      | Reached XP level 6. HP: 47/51 MP: 7/7
  3817 | D:3      | Found a sacrificial altar of Ru.
  3960 | D:4      | HP: 1/51 [ufetubus (3)]
  3961 | D:4      | Slain by an ufetubus

Illustrated notes

Levels and vault maps discovered:
D:1:      beargit_arrival_greenhouse, layout_loops_ring
D:2:      layout_basic, trog_three_pillars_becter, uniq_jessica, uniq_natasha,
          uniq_crazy_yiuf_cottage
D:3:      layout_loops_corners, lemuel_coloured_pillars_altar,
          chequers_ecumenical_altar_island, minmay_misc_feat_enclosed,
          uniq_robin, uniq_terence
D:4:      corexii_shack_village, layout_cave_pods, uniq_eustachio

Skill      XL: |  1  2  3  4  5 |
---------------+----------------+-----
Axes           | 1 3 4 5 |  5.7
Fighting       | |  3.7
Short Blades   | |  2.0
Armour         | |  1.5
Dodging        | |  0.7
Invocations    | |  2.0

Action                   |  1- 3 |  4- 6 || total
-------------------------+-------+-------++-------
Melee: Short sword       |    22 |       ||    22
       Tailslap          |     5 |     6 ||    11
       Battleaxe         |    93 |   102 ||   195
Invok: Depart the Abyss  |     1 |       ||     1
 Abil: Rolling Charge    |    28 |    18 ||    46
  Use: Potion            |       |     1 ||     1
Armor: Leather armour    |    46 |       ||    46
       Plate armour      |    28 |   126 ||   154
       Ring mail         |    12 |       ||    12
Dodge: Dodged            |    66 |    23 ||    89

Table legend: (Time is in decaauts)
 A = Elapsed time spent in this place.
 B = Non-inter-level travel time spent in this place.
 C = Inter-level travel time spent in this place.
 D = Time resting spent in this place.
 E = Time spent auto-exploring this place.
 F = Levels seen in this place.
 G = Mean time per level.
                   A        B        C        D        E       F      G
               +--------+--------+--------+--------+--------+-----+--------+
         Total |   4085 |   3740 |    345 |     25 |   3217 |   5 |  817.0 |
       Dungeon |   4085 |   3740 |    345 |     25 |   3217 |   4 | 1021.2 |
         Abyss |      0 |      0 |      0 |      0 |      0 |   1 |    0.0 |
               +--------+--------+--------+--------+--------+-----+--------+

Top non-repeatable levels by time:
     D:2: 1713 daAuts
     D:1: 1172 daAuts
     D:3: 1131 daAuts
     D:4: 68 daAuts
